Map: Berlingrad LE

Players

bean

  • Race: Terran Terran
  • League: Platinum

mrboggles - Winner!

  • Race: Zerg Zerg
  • League: Platinum

VOD

Have the link to the VOD?

Description

Time

  • Played on: Dec. 22, 2021, 5:14 p.m.
  • Length: 10:04
Show
View Real Time Build Order
Export as new Build Order

bean Terran 

Build Orders:  

Get SALT Encoding   

  12  0:00  SCV  
  13  0:12  SCV  
  14  0:21  Supply Depot  
  14  0:25  SCV  
  15  0:42  SCV  
  16  0:44  Barracks  
  16  0:49  Refinery  
  16  0:54  SCV  
  17  1:06  SCV  
  18  1:18  SCV  
  19  1:38  Barracks Reactor  
  19  1:41  Orbital Command  
  19  1:44  Command Center  
  19  2:09  SCV  
  19  2:14  Marine x2  
  22  2:25  Supply Depot  
  22  2:31  SCV  
  23  2:46  Marine x2, SCV  
  26  2:57  Refinery  
  26  2:58  Barracks, Orbital Command  
  26  2:59  SCV  
  26  3:00  Barracks  
  26  3:04  Marine x2  
  29  3:11  SCV  
  30  3:22  Marine x2  
  30  3:23  SCV  
  30  3:24  SCV  
  34  3:36  SCV x2  
  34  3:40  Marine x2, Supply Depot  
  38  3:48  SCV x2  
  40  3:49  Factory  
  40  3:50  Barracks Tech Lab  
  40  3:51  Barracks Tech Lab  
  40  3:57  Marine x2  
  40  4:00  SCV x2  
  44  4:06  Supply Depot  
  44  4:07  Supply Depot  
  44  4:08  Marine  
  45  4:11  Marauder  
  45  4:12  SCV  
  45  4:15  Marine  
  49  4:18  Marine  
  49  4:20  SCV  
  51  4:24  SCV  
  51  4:26  Marine  
  51  4:29  Supply Depot  
  53  4:32  Marine, SCV  
  53  4:33  Supply Depot  
  53  4:34  Marine  
  53  4:36  Factory Reactor, Marine  
  57  4:42  Starport  
  57  4:45  Marine  
  58  4:49  Marine  
  59  4:57  Supply Depot  
  59  4:59  SCV x2  
  60  5:02  Marine x2  
  60  5:03  Marauder  
  64  5:07  Marine  
  64  5:11  SCV  
  64  5:12  SCV  
  67  5:16  Refinery x2  
  67  5:19  Marine  
  67  5:20  Marine  
  69  5:24  Marine  
  69  5:25  Marine, SCV x2  
  69  5:27  Factory Tech Lab  
  73  5:30  Medivac  
  73  5:31  Medivac  
  77  5:37  Marine, SCV x2  
  77  5:38  Marine  
  81  5:43  Supply Depot  
  81  5:49  Supply Depot, SCV x2  
  83  5:52  Stimpack  
  83  5:53  Combat Shield  
  83  5:58  Marine x3, Engineering Bay  
  83  5:59  Marine  
  87  6:15  Marine  
  87  6:17  Marine x3  
  91  6:19  Siege Tank  
  91  6:22  Medivac  
  96  6:27  SCV x2  
  96  6:30  Terran Infantry Weapons Level 1  
  98  6:33  Marine, Supply Depot  
  98  6:35  Supply Depot  
  98  6:36  Marauder x2  
  98  6:38  Marine  
  98  6:39  SCV  
  105  6:51  Marine, Siege Tank  
  79  6:56  Marine x2  
  79  6:57  Marauder  
  83  7:08  Command Center  
  83  7:09  Marine  
  83  7:14  Marine x2, Supply Depot  
  86  7:17  Supply Depot  
  86  7:18  Marine  
  87  7:24  Siege Tank  
  87  7:27  Marine  
  91  7:30  Medivac x2  
  91  7:32  Marine  
  91  7:33  Marauder  
  91  7:36  Marine  
  99  7:41  SCV x2  
  101  7:44  Marine  
  101  7:47  Engineering Bay  
  101  7:49  Armory  
  102  7:53  Supply Depot, SCV  
  102  7:55  Supply Depot, Missile Turret  
  102  7:56  Siege Tank, SCV  
  102  7:57  Marine  
  108  8:00  Medivac  
  108  8:05  SCV  
  111  8:07  Marine x3  
  114  8:15  Marine  
  114  8:16  Viking  
  117  8:25  Marine  
  118  8:28  Siege Tank  
  121  8:42  SCV x2  
  121  8:46  Marine x3  
  121  8:47  Marine  
  126  9:00  Siege Tank  
  128  9:04  Marine  
  82  9:18  Marine  
  82  9:19  Marine x2  
  82  9:22  Marine  
  81  9:32  Siege Tank  
  81  9:36  Marine x3  
  83  9:39  Marine  
  78  9:46  SCV  
  78  9:47  SCV  
Show
View Real Time Build Order
Export as new Build Order

mrboggles Zerg - Winner!

Build Orders: Hatch First 

Get SALT Encoding   

  12  0:01  Drone  
  13  0:13  Overlord  
  13  0:16  Drone  
  14  0:31  Drone x2  
  14  0:35  Drone  
  17  0:54  Hatchery  
  17  0:57  Drone  
  17  1:02  Drone  
  18  1:11  Extractor  
  17  1:17  Spawning Pool  
  16  1:18  Drone  
  16  1:21  Drone  
  18  1:28  Drone  
  19  1:39  Overlord  
  19  1:59  Drone  
  20  2:03  Queen  
  20  2:08  Zergling x4  
  24  2:10  Queen  
  26  2:22  Drone  
  27  2:23  Drone x2  
  27  2:28  Drone  
  30  2:35  Metabolic Boost  
  30  2:43  Drone x3  
  33  2:46  Queen  
  33  2:49  Overlord  
  35  2:54  Overlord  
  35  3:03  Drone  
  36  3:15  Drone  
  36  3:16  Drone x4  
  36  3:18  Drone x2  
  43  3:26  Drone x3  
  46  3:36  Extractor  
  46  3:38  Drone  
  46  3:39  Extractor, Drone, Hatchery  
  45  3:48  Drone x5  
  50  3:52  Overlord  
  50  3:53  Overlord  
  50  4:18  Zergling x2  
  50  4:19  Zergling x14  
  58  4:25  Spore Crawler  
  58  4:27  Spore Crawler  
  56  5:04  Lair  
  56  5:08  Baneling Nest  
  56  5:13  Evolution Chamber  
  54  5:14  Drone x3  
  54  5:15  Extractor, Evolution Chamber  
  54  5:16  Drone x5  
  54  5:17  Overlord x3  
  60  5:40  Zerg Melee Weapons Level 1  
  60  5:41  Hatchery, Zerg Ground Armor Level 1  
  59  5:48  Drone x12  
  59  5:49  Drone x4  
  75  5:58  Queen  
  75  6:02  Centrifugal Hooks  
  77  6:10  Hydralisk Den  
  74  6:13  Zergling x2  
  74  6:14  Zergling x20  
  74  6:17  Baneling x16  
  85  6:22  Zergling x4  
  85  6:25  Overlord  
  87  6:27  Zergling x4  
  87  6:30  Zergling x6  
  92  6:35  Zergling x2  
  92  6:36  Zergling x4  
  95  6:40  Zergling x6  
  97  6:54  Zergling x12  
  88  7:00  Drone x3  
  93  7:02  Extractor  
  93  7:06  Zergling x16  
  100  7:11  Extractor  
  100  7:15  Grooved Spines  
  99  7:22  Overlord x3  
  99  7:26  Zergling x2  
  99  7:27  Zergling x14  
  107  7:31  Baneling  
  107  7:32  Baneling x11  
  107  7:33  Zergling x6  
  110  7:43  Zergling x12  
  116  7:47  Hydralisk x4  
  116  7:50  Hydralisk  
  116  7:51  Hydralisk  
  126  7:55  Overlord x3  
  128  8:17  Zergling x8  
  128  8:18  Zergling x12  
  138  8:23  Zergling x18  
  138  8:26  Muscular Augments  
  140  9:12  Zergling x24  
  140  9:13  Zergling x18  
  132  9:29  Zergling x18  
Tags
 
Add a new tag
Caveats
  • Supply blocks, unpowered buildings, or Contaminate may cause inaccurate times.
  • Supply counts are checked every 10 seconds.